 Dungeon Crawl Stone Soup version 0.29-a0-243-g602b31c20e (webtiles) character file.

Game seed: 11867245409572676172

1463 gruber the Quickloader (level 9, 0/48 HPs)
             Began as a Kobold Hunter on Mar 5, 2022.
             Was a Follower of Dithmenos.
             Succumbed to a hornet's poison
             ... on level 7 of the Dungeon.
             The game lasted 00:06:36 (8433 turns).

gruber the Quickloader (Kobold Hunter)              Turns: 8433, Time: 00:06:37

Health: 0/48       AC:  5    Str:  7 (9)  XL:     9   Next: 5%
Magic:  9/9        EV: 18    Int: 10 (12) God:    Dithmenos [*.....]
Gold:   445        SH:  0    Dex: 18 (20) Spells: 8/8 levels left

rFire   . . .      SeeInvis .   a - +1 hand crossbow
rCold   . . .      Faith    .   (no shield)
rNeg    . . .      Spirit   .   b - +0 leather armour
rPois   .          Reflect  .   o - +0 helmet
rElec   .          Harm     .   (no cloak)
rCorr   .          Rampage  .   (no gloves)
Will    .....                   z - +0 pair of boots
Stlth   +++.......              (no amulet)
HPRegen 0.16/turn               (no ring)
MPRegen 0.11/turn               (no ring)

@: lethally poisoned (0 -> -1), slowed, wreathed by umbra, very slow
A: small, no large weapons, nightstalker 3
a: Renounce Religion


You were on level 7 of the Dungeon.
You worshipped Dithmenos.
Dithmenos was aware of your devotion.
You visited 1 branch of the dungeon, and saw 7 of its levels.

You collected 445 gold pieces.

Inventory:

Hand Weapons
 a - a +1 hand crossbow (weapon)
 k - a +6 short sword
 p - the +4 flail "Goblinbane" {freeze, Int+3 SInv}
   (You found it on level 2 of the Dungeon)

   It freezes those it strikes, dealing additional cold damage.
   It can also slow down cold-blooded creatures.
   Int:       It affects your intelligence (+3).
   SInv:      It lets you see invisible.
Missiles
 w - 2 throwing nets
Armour
 b - a +0 leather armour (worn)
 o - a +0 helmet (worn)
 z - a +0 pair of boots (worn)
Jewellery
 c - a ring of see invisible
 v - a ring of fire
Wands
 n - a wand of flame (5)
 y - a wand of acid (13)
Scrolls
 e - 2 scrolls of fog {unknown}
 f - 2 scrolls of magic mapping {unknown}
 g - a scroll of fear {unknown}
 h - 7 scrolls of identify {unknown}
 l - a scroll of enchant weapon {unknown}
 m - a scroll of teleportation {unknown}
 r - 3 scrolls of amnesia {unknown}
Potions
 d - a potion of resistance {unknown}
 i - 3 potions of degeneration
 j - 5 potions of curing {unknown}
 q - a potion of brilliance {unknown}
 s - 2 potions of might
 t - a potion of heal wounds {unknown}
 u - 2 potions of mutation {unknown}
 x - a potion of cancellation {unknown}
 A - 2 potions of lignification {unknown}
 B - a potion of berserk rage {unknown}


   Skills:
 - Level 2.1 Fighting
 - Level 7.2 Short Blades
 - Level 0.1 Axes
 - Level 10.2 Crossbows
 - Level 0.1 Throwing
 * Level 7.3 Dodging
 - Level 1.3 Stealth
 - Level 0.1 Invocations


You had 8 spell levels left.
You didn't know any spells.
Your spell library contained the following spells:

 Spells                   Type           Power      Damage    Failure   Level
 Beastly Appendage        Tmut           0%         N/A       50%         1
 Wereblood                Tmut           0%         N/A       65%         2
 Gell's Gravitas          Tloc           0%         N/A       86%         3
 Lesser Beckoning         Tloc           0%         N/A       86%         3
 Ozocubu's Armour         Ice            0%         N/A       86%         3
 Spider Form              Tmut/Pois      0%         N/A       86%         3
 Teleport Other           Tloc           0%         N/A       86%         3
 Tukima's Dance           Hex            0%         N/A       86%         3
 Anguish                  Hex/Necr       0%         N/A       99%         4
 Hailstorm                Conj/Ice       0%         3d3       99%         4
 Ice Form                 Ice/Tmut       0%         N/A       99%         4
 Metabolic Englaciation   Hex/Ice        0%         N/A       100%        5
 Simulacrum               Ice/Necr       0%         N/A       100%        6
 Enfeeble                 Hex            0%         N/A       100%        7
 Ozocubu's Refrigeration  Ice            0%         4d5       100%        7


Dungeon Overview and Level Annotations

Branches:
Dungeon (7/15)
 Temple: D:4-7

Altars:
Dithmenos
Hepliaklqana
Makhleb
Ru
Xom

Shops:
D:2 (   D:4 :


Innate Abilities, Weirdness & Mutations

You are small and have problems with some larger weapons.
You are completely attuned to the shadows.


Message History

You kill the kobold!
Dithmenos accepts your kill.
You feel sick. The hornet stings you!
* * * LOW HITPOINT WARNING * * *
You feel as though you will be slow longer.
The hornet completely misses you.
Unknown command.
Aiming: Corrosive Bolt
Press: ? - help, Shift-Dir - straight line, f/p - hornet
Aim: a hornet (moderately wounded, covered in acid, 57% to hit)
The bolt of acid misses the hornet.
The bolt of acid misses the kobold brigand.
The bolt of acid hits the water moccasin!
The acid corrodes the water moccasin!
The water moccasin is heavily wounded.
* * * LOW HITPOINT WARNING * * *
You feel sick. The hornet barely misses you. x2
The hornet closely misses you.
Unknown command.
Unknown command.
Aiming: Corrosive Bolt
Press: ? - help, Shift-Dir - straight line, f/p - hornet
Aim: a hornet (moderately wounded, covered in acid, 57% to hit)
The bolt of acid hits the hornet!
The hornet seems to be corroded for longer.
The hornet is heavily wounded.
The bolt of acid hits the kobold brigand!
The acid corrodes the kobold brigand!
You kill the kobold brigand!
Dithmenos accepts your kill.
The bolt of acid misses the water moccasin.
* * * LOW HITPOINT WARNING * * *
You feel sick. The hornet misses you.
A wight comes into view. It is wielding a +0 morningstar.
The hornet misses you.
Your Dodging skill increases to level 7!
It was a potion of degeneration.
There was something very wrong with that liquid.
You feel weakened.
You feel dopey.
You feel clumsy.
You die...

.....#
..K.(#
.....#
....z#####
....)Sy@.#
.....###.#
.....## .#
.>....# .#
.#.##.# .#
#
#.##.##.#
#
#.......#
#
#.#######
#### #.#


You could see a hornet (corroded), a water moccasin (corroded) and a wight
(wandering).

Vanquished Creatures
  A sky beast (D:6)
  A black bear (D:4)
  2 ogres
  A kobold brigand (D:7)
  2 scorpions
  2 howler monkeys
  A crimson imp (D:3)
  6 hounds
  A jelly (D:6)
  4 iguanas
  Natasha (thrice) (D:2)
  Terence (D:3)
  6 orc wizards
  Robin (D:1)
  6 adders
  3 gnolls (D:4)
  3 white imps (D:6)
  4 ufetubi
  7 worms
  3 dart slugs
  5 orcs
  9 bats
  6 endoplasms
  7 giant cockroaches
  9 goblins
  8 hobgoblins
  4 quokkas
  3 ball pythons
  A frilled lizard (D:1)
  8 kobolds
  8 rats
126 creatures vanquished.

Notes
Turn   | Place    | Note
-------+----------+-------------------------------------------
     0 | D:1      | gruber the Kobold Hunter began the quest for the Orb.
     0 | D:1      | Reached XP level 1. HP: 12/12 MP: 1/1
    67 | D:1      | Reached XP level 2. HP: 17/17 MP: 2/2
   148 | D:1      | Reached skill level 6 in Crossbows
   257 | D:1      | Found a faded altar of an unknown god.
   399 | D:1      | Reached XP level 3. HP: 18/21 MP: 3/3
   592 | D:1      | Reached skill level 1 in Short Blades
  1025 | D:2      | Reached XP level 4. HP: 26/26 MP: 4/4
  1027 | D:2      | Noticed Robin
  1655 | D:1      | Killed Robin
  1726 | D:2      | Identified the +4 flail "Goblinbane" {freeze, Int+3 SInv}
  1874 | D:2      | Found Meotie's Weapon Shoppe.
  1930 | D:2      | You fall into a shaft and drop 2 floors!
  1953 | D:3      | Found a sacrificial altar of Ru.
  2064 | D:2      | Found a hazy altar of Hepliaklqana.
  2147 | D:2      | Noticed Natasha
  2156 | D:2      | Killed Natasha
  2157 | D:2      | Reached XP level 5. HP: 26/30 MP: 5/5
  2267 | D:2      | Noticed Natasha
  2275 | D:2      | Killed Natasha
  2589 | D:2      | Reached skill level 5 in Short Blades
  2658 | D:2      | Noticed Natasha
  2662 | D:2      | Killed Natasha
  2675 | D:2      | Reached XP level 6. HP: 31/35 MP: 6/6
  3565 | D:3      | Found a shadowy altar of Dithmenos.
  3819 | D:3      | Noticed Terence
  3827 | D:3      | Killed Terence
  3975 | D:3      | Found a burning altar of Makhleb.
  3975 | D:3      | Found a shimmering altar of Xom.
  4294 | D:3      | Became a worshipper of Dithmenos the Shadowed
  4560 | D:4      | Noticed a black bear
  4568 | D:4      | Killed a black bear
  4569 | D:4      | Reached skill level 7 in Crossbows
  4569 | D:4      | Reached XP level 7. HP: 15/40 MP: 7/7
  5150 | D:4      | Found Zuusif's Book Boutique.
  5171 | D:4      | Reached skill level 8 in Crossbows
  5720 | D:4      | Reached skill level 9 in Crossbows
  5817 | D:5      | Entered Level 5 of the Dungeon
  5990 | D:4      | Reached XP level 8. HP: 7/44 MP: 8/8
  6513 | D:5      | Reached * piety under Dithmenos
  6935 | D:5      | Reached skill level 10 in Crossbows
  7784 | D:6      | Reached skill level 5 in Dodging
  7797 | D:6      | Identified the +1 robe of Cocytus {Harm Drain rElec Regen+}
  8180 | D:6      | Reached XP level 9. HP: 38/48 MP: 9/9
  8423 | D:7      | Noticed a hornet
  8432 | D:7      | HP: 1/48 [poisoned by a hornet]
  8433 | D:7      | Succumbed to a hornet's poison

Illustrated notes

Levels and vault maps discovered:
D:1:      dpeg_arrival_boxorama, layout_basic,
          hellmonk_ecumenical_altar_arch_garden, kennysheep_another_room
D:2:      layout_loops_corners, serial_shops, shop, basic_altar, uniq_natasha,
          uniq_robin
D:3:      layout_loops_corners, mainiacjoe_overflow_paths,
          grunt_dithmenos_smoke_and_mirrors,
          grunt_temple_overflow_champion_of_chaos, uniq_terence
D:4:      layout_basic, serial_shops, shop
D:5:      layout_gridville
D:6:      layout_rooms
D:7:      cheibrodos_quashed, layout_loops_cross, minmay_temple_entry_hall,
          serial_shops, nicolae_inconvenience_store

Skill      XL: |  1  2  3  4  5  6  7  8  9 |
---------------+----------------------------+-----
Crossbows      | 6 7 9 10 | 10.2
Short Blades   | 2 4 5 7 |  7.2
Dodging        | 6 7 |  7.3
Fighting       | |  2.1
Axes           | |  0.1
Throwing       | |  0.1
Stealth        | |  1.3
Invocations    | |  0.1

Action                   |  1- 3 |  4- 6 |  7- 9 || total
-------------------------+-------+-------+-------++-------
Melee: Short sword       |     2 |    31 |    59 ||    92
       Flail             |       |     4 |       ||     4
       Hand crossbow     |       |       |     1 ||     1
 Fire: Hand crossbow     |    67 |   101 |   187 ||   355
Evoke: Wand              |       |       |     4 ||     4
  Use: Potion            |       |       |     1 ||     1
 Stab: Sleeping          |     1 |       |       ||     1
Armor: Leather armour    |     1 |    16 |    35 ||    52
Dodge: Dodged            |    13 |    54 |   131 ||   198

Table legend: (Time is in decaauts)
 A = Elapsed time spent in this place.
 B = Non-inter-level travel time spent in this place.
 C = Inter-level travel time spent in this place.
 D = Time resting spent in this place.
 E = Time spent auto-exploring this place.
 F = Levels seen in this place.
 G = Mean time per level.
                   A        B        C        D        E       F      G
               +--------+--------+--------+--------+--------+-----+--------+
         Total |   8480 |   8113 |    367 |    906 |   6309 |   7 | 1211.4 |
       Dungeon |   8480 |   8113 |    367 |    906 |   6309 |   7 | 1211.4 |
               +--------+--------+--------+--------+--------+-----+--------+

Top non-repeatable levels by time:
     D:4: 1714 daAuts
     D:3: 1633 daAuts
     D:1: 1552 daAuts
     D:2: 1404 daAuts
     D:5: 1193 daAuts
     D:6: 917 daAuts
     D:7: 64 daAuts
